Match 44438398
Unlisted

Match 44438398
End
Kradschützen Motorcycle Team
Selects Italian Combined Arms Battlegroup
Selects Italian Combined Arms Battlegroup
Selects Bersaglieri Squad
Bersaglieri Squad
250 Light Carrier
Bersaglieri Squad
Bersaglieri Squad
Construct Light Support Kompanie
Selects Bersaglieri Bolster
Panzerjäger Mechanized Group
2.5-tonne Medical Truck
Selects Semovente da 75/18 Assault Gun
Semovente da 75/18 Assault Gun
Panzerpioneer Squad
Fire Support Elements
Selects Bersaglieri Bolster
Combat Half-tracks
Zeh Lothiack
Regretful Reflection
ZyAcroQC
De.Richelieu
0
0

Comments sign in to comment!

No comments posted yet!